 Dungeon Crawl Stone Soup version 0.28.0 (webtiles) character file.

Game seed: 4260116727453282589

158 lonewolfV2 the Skirmisher (level 5, 0/46 HPs)
             Began as a Ghoul Fighter on Feb 9, 2022.
             Slain by an orc (5 damage)
             ... on level 4 of the Dungeon.
             The game lasted 00:07:11 (3399 turns).

lonewolfV2 the Skirmisher (Ghoul Fighter)           Turns: 3399, Time: 00:07:11

Health: 0/46       AC:  6    Str: 22    XL:     5   Next: 39%
Magic:  13/13      EV: 10    Int:  3    God:
Gold:   113        SH:  0    Dex:  8    Spells: 4/4 levels left

rFire   . . .      SeeInvis .   k - +2 trident (freeze)
rCold   + . .      Faith    .   (no shield)
rNeg    + + +      Spirit   .   a - +0 scale mail
rPois   ∞          Reflect  .   (no helmet)
rElec   .          Harm     .   (no cloak)
rCorr   +          Rampage  .   (no gloves)
Will    .....                   (no boots)
Stlth   ..........              i - amulet of magic regeneration
HPRegen 0.00/turn               g - ring of resist corrosion
MPRegen 0.53/turn               l - ring of magical power

@: inhibited regen
A: claws 1, cold resistance 1, negative energy resistance 3, inhibited
regeneration, torment resistance 2
a: no special abilities


You were on level 4 of the Dungeon.
You visited 1 branch of the dungeon, and saw 4 of its levels.

You collected 113 gold pieces.

Inventory:

Hand Weapons
 k - a +2 trident of freezing (weapon)
Armour
 a - a +0 scale mail (worn)
 b - a +1 buckler
Jewellery
 g - a ring of resist corrosion (left claw)
 i - an amulet of magic regeneration (around neck)
 l - a ring of magical power (right claw)
Wands
 h - a wand of digging (7)
 n - a wand of flame (7)
Scrolls
 e - a scroll of identify
 f - a scroll of teleportation
Potions
 c - a potion of might
 m - a potion of heal wounds {unknown}
 o - a potion of haste


   Skills:
 + Level 3.8 Fighting
 + Level 1.7 Polearms
 + Level 3.4 Armour
 + Level 1.0 Dodging
 + Level 0.2 Stealth
 + Level 3.1 Shields
 + Level 3.3 Unarmed Combat


You had 4 spell levels left.
You didn't know any spells.
Your spell library contained the following spells:

 Spells                   Type           Power      Damage    Failure   Level
 Conjure Ball Lightning   Conj/Air       0%         3x3d6     100%        6
 Discord                  Hex            0%         N/A       100%        8
 Disjunction              Tloc           0%         N/A       100%        8


Dungeon Overview and Level Annotations

Branches:
Dungeon (4/15)
 Temple: D:4-7

Altars:


Innate Abilities, Weirdness & Mutations

You thrive by killing the living.
You are immune to poison.
You have sharp fingernails.
Your flesh is cold resistant. (rC+)
You are immune to negative energy. (rN+++)
You do not regenerate when monsters are visible.
You are immune to unholy pain and torment.


Message History

Okay, then.
You hit the ball python. You freeze the ball python.
You kill the ball python!
You see here a ball python corpse.
You see here a sedimented amethyst potion.
You see here a scroll of teleportation.
Okay, then.
Reach: k) +2 trident (freeze)
Press: ? - help, Dir - move target, f - adder
Aim: an adder (about 65% to evade your +2 trident of freezing)
You reach to attack!
You closely miss the adder. The adder bites you but does no damage.
Reach: k) +2 trident (freeze)
Press: ? - help, Dir - move target, f/p - adder
Aim: an adder (about 65% to evade your +2 trident of freezing)
You hit the adder but do no damage. The adder misses you.
You barely miss the adder. The adder bites you but does no damage.
The goblin hits you but does no damage. The adder barely misses you.
You barely miss the adder. The adder misses you. The goblin barely misses you.
The orc hits you but does no damage. The adder misses you.
You closely miss the adder. The goblin barely misses you.
The adder bites you but does no damage. The orc closely misses you.
The goblin barely misses you.
You barely miss the adder. The adder barely misses you.
The orc barely misses you. The adder bites you.
* * * LOW HITPOINT WARNING * * *
The goblin hits you but does no damage.
You closely miss the adder. The orc closely misses you.
The adder bites you but does no damage. The goblin hits you but does no damage.
You closely miss the adder. The adder bites you.
* * * LOW HITPOINT WARNING * * *
The orc hits you from afar with a +0 trident.
* * * LOW HITPOINT WARNING * * *
The goblin barely misses you. The adder barely misses you.
The orc barely misses you.
You puncture the adder!
The adder seems to slow down.
You freeze the adder.
The adder is severely wounded.
The goblin closely misses you. The adder bites you but does no damage.
The orc hits you from afar with a +0 trident.
You die...

#.#......# #.# #............
#.#.....####.#######...#####
#......................#
#.§≈≈≈.§≈≈≈..######....#
#.≈.......≈........†#..#
#.≈.≈≈≈≈≈.≈.#.........>....
#.≈.≈ .≈.....!.o...#####
.≈.#...Sg....#
.≈.....@...#.#
.≈.######..#.# .≈. #....# ≈§
.....# ....# ...# ..#


You could see an adder (slow), an orc and a goblin.

Vanquished Creatures
  Jessica (D:2)
  4 adders
  A white imp (D:3)
  2 worms (D:2)
  2 dart slugs
  An orc (D:3)
  5 ball pythons
  7 endoplasms
  A giant cockroach (D:2)
  7 goblins
  11 hobgoblins
  4 jackals (D:1)
  10 kobolds
  4 quokkas
  5 frilled lizards
  11 rats
76 creatures vanquished.

Vanquished Creatures (others)
  A fungus (D:1)
  A plant (D:1)
2 creatures vanquished.

Grand Total: 78 creatures vanquished

Notes
Turn   | Place    | Note
-------+----------+-------------------------------------------
     0 | D:1      | lonewolfV2 the Ghoul Fighter began the quest for the Orb.
     0 | D:1      | Reached XP level 1. HP: 19/19 MP: 0/0
   123 | D:1      | Found a faded altar of an unknown god.
   138 | D:1      | Reached XP level 2. HP: 26/26 MP: 1/1
   704 | D:1      | Reached XP level 3. HP: 21/31 MP: 2/2
  1182 | D:2      | Noticed Jessica
  1197 | D:2      | Killed Jessica
  1198 | D:2      | Reached XP level 4. HP: 36/40 MP: 3/3
  2090 | D:3      | Identified the +9 quarterstaff "Vukhyu" {elec, Fragile
                  | Str+4 Int+3 Dex+4}
  2264 | D:3      | Reached skill level 1 in Polearms
  2264 | D:3      | Reached XP level 5. HP: 42/46 MP: 4/4
  2358 | D:3      | Found a glowing drain.
  2365 | D:3      | Reached skill level 1 in Dodging
  3378 | D:4      | HP: 1/46 [orc (8)]
  3399 | D:4      | Slain by an orc

Illustrated notes

Levels and vault maps discovered:
D:1:      lightli_arrival_isolated_outpost, layout_loops_corners,
          shapermc_ecumenical_altar_mp_ritualfount
D:2:      layout_loops_cross, uniq_jessica
D:3:      wad_crossroads, layout_basic, portal_sewer_entry_a,
          supply_closet_lemuel
D:4:      layout_basic, mainiacjoe_overflow_concentric_impassable,
          minmay_starry_boxes

Skill      XL: |  1  2  3  4  5 |
---------------+----------------+-----
Armour         | 3 |  3.4
Shields        | 3 |  3.1
Unarmed Combat | 3 |  3.3
Polearms       | 1 |  1.7
Dodging        | 1 |  1.0
Fighting       | |  3.8
Stealth        | |  0.2

Action                   |  1- 3 |  4- 6 || total
-------------------------+-------+-------++-------
Melee: Unarmed           |    99 |    22 ||   121
       Trident           |       |    75 ||    75
       Quarterstaff      |       |    14 ||    14
  Use: Scroll            |     1 |     7 ||     8
       Potion            |       |     2 ||     2
Armor: Scale mail        |    38 |    56 ||    94
Dodge: Dodged            |    36 |    86 ||   122
Block: Buckler           |    17 |     7 ||    24
